 Dungeon Crawl Stone Soup version bcrawl-1.41 (webtiles) character file.

Game seed: 12769232786423674455

204035 Morbidden the Sneak (level 5, 40/40 HPs)
             Began as a Demigod Archaeologist on Apr 6, 2024.
             Quit the game on level 3 of the Dungeon.
             The game lasted 00:02:34 (1314 turns).

Morbidden the Sneak (Demigod Archaeologist)         Turns: 1314, Time: 00:02:35

Health: 40/40      AC:  9    Str: 17    XL:     5   Next: 1%
Magic:  9/9        EV: 12    Int: 18    God:    Demigod [*.....]
Gold:   219        SH:  0    Dex: 17    Spells: 6/6 levels left

rFire    x . .     GDR:     29% a - +0 mace
rCold    + . .     SeeInvis .   (no shield)
rNeg     . . .     Gourm    .   B - +0 ring mail
rPois    .         Faith    .   d - +1 hat
rElec    .         Spirit   .   (no cloak)
rCorr    .         Reflect  .   m - +0 pair of gloves
MR       .....                  q - +1 pair of boots
Stlth    ++........             (no amulet)
HPRegen  0.16/turn              p - ring of Recklessness {Ice Dex+2}
MPRegen  0.11/turn              (no ring)

@: no status effects
A: high mp 1
a: Temporal Distortion


You were on level 3 of the Dungeon.
You worshipped Demigod.
Demigod was aware of your devotion.
You were not hungry.

You visited 1 branch of the dungeon, and saw 3 of its levels.

You collected 219 gold pieces.

Inventory:

Hand Weapons
 a - a +0 mace (weapon)
 b - a +0 blowgun
 v - a +2 dagger of holy wrath
Missiles
 f - 4 curare-tipped needles
Armour
 d - a +1 hat (worn)
 m - a +0 pair of gloves (worn)
 q - a +1 pair of boots (worn)
 B - a +0 ring mail (worn)
Jewellery
 p - the ring of Recklessness (left hand) {Ice Dex+2}
   (You found it on level 1 of the Dungeon)

   [ring of ice]

   It enhances your ice magic.
   It affects your dexterity (+2).
   It makes you vulnerable to fire.
   It protects you from cold.
Scrolls
 g - a scroll of revelation
 i - a scroll of identify
 k - a scroll of fear {unknown}
 n - a scroll of blinking {unknown}
 o - 2 scrolls of noise {unknown}
 r - 4 scrolls of teleportation {unknown}
 s - a scroll of fog {unknown}
 t - a scroll of immolation {unknown}
 x - 4 scrolls of remove curse {unknown}
 y - 2 scrolls of amnesia {unknown}
Potions
 j - a potion of mutation {unknown}
 l - a potion of invisibility {unknown}
 u - a potion of berserk rage {unknown}
 w - a potion of cancellation {unknown}
 z - a potion of heal wounds {unknown}
 A - a potion of curing {unknown}
Comestibles
 c - 6 chunks of flesh
 e - 7 rations {!d}


   Skills:
 * Level 1.3 Fighting
 * Level 2.2 Maces & Flails
 * Level 0.7 Armour
 * Level 3.4 Dodging
 + Level 3.5 Stealth
 * Level 1.0 Spellcasting
 * Level 1.8 Invocations


You had 6 spell levels left.
You didn't know any spells.
Your spell library contained the following spells:

 Spells                   Type           Power        Failure   Level  Hunger
 Magic Dart               Conj           #...         36%         1    None
 Blink                    Tloc           N/A          50%         2    ###....
 Call Imp                 Summ           #.....       50%         2    ###....
 Conjure Flame            Conj/Fire      #.......     73%         3    #####..
 Mephitic Cloud           Conj/Pois/Air  #.......     73%         3    #####..
 Spider Form              Tmut/Pois      #..          73%         3    #####..


Dungeon Overview and Level Annotations

Branches:
Dungeon (3/12)


Innate Abilities, Weirdness & Mutations

You have an increased reservoir of magic. (+10% MP)


Message History

The orc hits you but does no damage.
You thump the orc!
You kill the orc!
Your kill strengthens your divinity.
You have reached level 5!
You're now able to understand the dusty tome!
Part of it contains a powerful arcane formula!
Most of the book is about a legendary artefact.
It claims this artefact was created by a master of translocation magic, which supposedly proves the superiority of translocations to the other schools of magic.
Things that are here:
a +0 falchion; a +0 flail; an orc skeleton
As you read the scroll of acquirement, it crumbles to dust.
Acquire which item? (Press ! for descriptions.) A: +4 great mace of protection; B: +2 pair of gloves of strength C: ring "Uclosew" {Fire Int+2}; D: manual of Translocations E: staff of wizardry; F: fan of gales (2/2); G: 6 rations; H: 564 gold pieces Acquire the +2 pair of gloves of strength? (y/n)
Something appears at your feet!
No path to travel!
Are you sure you want to abandon this character and quit the game? (Confirm with "yes".)

##.## ##..# #.##
##.####### ##.##
##........# #
##.###..######.# #.
##.#.##.......#
##.########
#...#.######.#
#.........#
#.##.##.....#.
#...##.###.##.##.##.###
#.#.).@.[..#...#.###.#.
#...##.......#...# ##..
##.#######.#...### #.#
#)...........## #.#
#..######.#### #.# #...
.... #.# >.... ###.# .#
####.# #.# .# .# #.


There were no monsters in sight!

Vanquished Creatures
  An orc priest (D:3)
  Natasha (D:3)
  An adder (D:3)
  An ooze (D:1)
  A worm (D:2)
  2 dart slugs
  5 leopard geckos
  3 orcs (D:3)
  5 bats
  2 giant cockroaches
  6 goblins
  4 hobgoblins
  4 jackals (D:1)
  2 quokkas (D:2)
  6 kobolds
  3 rats
47 creatures vanquished.

Notes
Turn   | Place    | Note
-------+----------+-------------------------------------------
     0 | D:1      | Morbidden the Demigod Archaeologist began the quest for the
                  | Orb.
     0 | D:1      | Reached XP level 1. HP: 15/15 MP: 3/3
    79 | D:1      | Reached skill level 1 in Maces & Flails
    80 | D:1      | Reached XP level 2. HP: 22/22 MP: 4/4
    99 | D:1      | Got a coiled granite ring
   142 | D:1      | Reached skill level 1 in Fighting
   200 | D:1      | Identified the ring of Recklessness {Ice Dex+2} (You found
                  | it on level 1 of the Dungeon)
   227 | D:1      | Reached skill level 1 in Invocations
   397 | D:1      | Reached XP level 3. HP: 27/28 MP: 6/6
   669 | D:2      | Found a shimmering altar of Xom.
   728 | D:2      | Reached * piety under Demigod
   961 | D:2      | Found an opulent altar of Gozag.
  1099 | D:3      | Noticed Natasha
  1104 | D:3      | Killed Natasha
  1105 | D:3      | Reached XP level 4. HP: 29/35 MP: 7/7
  1287 | D:3      | Reached skill level 1 in Spellcasting
  1309 | D:3      | Reached XP level 5. HP: 40/40 MP: 9/9
  1309 | D:3      | Identified a scroll of acquirement
  1313 | D:3      | Identified the ring "Uclosew" {Fire Int+2} (You acquired it
                  | on level 3 of the Dungeon)
  1314 | D:3      | Quit the game

Skill      XL: |  1  2  3  4 |
---------------+-------------+-----
Maces & Flails | 1 2 |  2.2
Fighting       | 1 |  1.3
Dodging        | 3 |  3.4
Invocations    | 1 |  1.8
Spellcasting   | 1 |  1.0
Armour         | |  0.7
Stealth        | |  3.5

Action                   |  1- 3 |  4- 6 || total
-------------------------+-------+-------++-------
Melee: Mace              |   109 |    20 ||   129
 Fire: Blowgun           |       |     2 ||     2
  Use: Scroll            |       |     1 ||     1
 Stab: Sleeping          |     7 |     1 ||     8
  Eat: Chunk             |     4 |     2 ||     6
Armor: Robe              |    50 |       ||    50
       Ring mail         |     4 |     5 ||     9
Dodge: Dodged            |   104 |    10 ||   114
